 Dungeon Crawl Stone Soup version 0.29-a0-296-gda187f2e07 (webtiles) character file.

Game seed: 11840098463062267049

158 Leszczynek the Chopper (level 5, 15/40 HPs)
             Began as a Human Gladiator on Mar 19, 2022.
             Quit the game in a sewer.
             The game lasted 00:07:09 (1080 turns).

Leszczynek the Chopper (Human Gladiator)            Turns: 1080, Time: 00:07:10

Health: 15/40      AC:  2    Str: 17    XL:     5   Next: 66%
Magic:  5/5        EV: 11    Int:  8    God:
Gold:   13         SH:  3    Dex: 14    Spells: 4/4 levels left

rFire   . . .      SeeInvis .   a - +0 war axe
rCold   . . .      Faith    .   j - +0 buckler
rNeg    . . .      Spirit   .   m - +0 ring mail
rPois   .          Reflect  .   (helmet restricted)
rElec   .          Harm     .   (no cloak)
rCorr   .          Rampage  .   (no gloves)
Will    .....                   (no boots)
Stlth   +.........              (no amulet)
HPRegen 0.13/turn               (no ring)
MPRegen 0.09/turn               (no ring)

@: quite poisoned (15 -> 8)
A: horns 1, deformed body
a: no special abilities


You were in a sewer.
You visited 1 branch of the dungeon, and saw 4 of its levels.
You also visited: Sewer.

You collected 13 gold pieces.

Inventory:

Hand Weapons
 a - a +0 war axe (weapon)
 b - a +0 hunting sling
Missiles
 e - a javelin (quivered)
Armour
 c - a +0 helmet
 f - a +0 kite shield
 j - a +0 buckler (worn)
 k - a +1 leather armour of positive energy
 m - a +0 ring mail (worn)
Scrolls
 g - a scroll of identify {unknown}
 l - a scroll of enchant weapon {unknown}


   Skills:
 + Level 2.9 Fighting
 - Level 5.4 Axes
 - Level 2.0 Throwing
 - Level 3.0 Dodging


You had 4 spell levels left.
You didn't know any spells.
Your spell library contained the following spells:

 Spells                   Type           Power      Damage    Failure   Level
 Ensorcelled Hibernation  Hex/Ice        0%         N/A       86%         2
 Spider Form              Tmut/Pois      0%         N/A       98%         3
 Anguish                  Hex/Necr       0%         N/A       100%        4


Dungeon Overview and Level Annotations

Branches:
Dungeon (4/15)              Sewer (1/1)
 Temple: D:4-7

Altars:


Innate Abilities, Weirdness & Mutations

You have a pair of small horns on your head.
Armour fits poorly on your strangely shaped body.


Message History

The kobold brigand is lightly wounded.
You miss the kobold. The kobold barely misses you.
Okay, then.
You miss the kobold brigand.
The kobold brigand is lightly wounded.
You hit the kobold.
You kill the kobold!
The kobold throws a stone.
The stone misses you.
You closely miss the kobold brigand.
The kobold brigand is lightly wounded.
The kobold brigand hits you with a +0 dagger.
The kobold closely misses you. The kobold brigand closely misses you.
Unknown command.
You hit the kobold.
The kobold is moderately wounded.
You closely miss the kobold brigand. The kobold hits you but does no damage.
You are poisoned.
The kobold brigand hits you but does no damage.
You closely miss the kobold brigand.
The kobold brigand is lightly wounded.
You closely miss the kobold.
You feel sick.
The kobold hits you with a +2 dagger of venom.
The kobold brigand hits you with a +0 dagger.
You hit the kobold brigand.
The kobold brigand is moderately wounded.
You hit the kobold but do no damage.
You feel sick.
The kobold hits you with a +2 dagger of venom.
The kobold brigand barely misses you.
The kobold hits you with a +2 dagger of venom.
The kobold brigand hits you with a +0 dagger.
It was a potion of mutation.
You feel extremely strange. A pair of horns grows on your head!
Your +0 helmet falls away!
Your body twists and deforms.
You feel sick. The kobold hits you but does no damage.
You are more poisoned.
The kobold brigand hits you with a +0 dagger.
Enter note: deformed body 1
Enter note: Are you sure you want to abandon this character and quit the game? (Confirm with "yes".)

≈≈≈≈≈≈≈≈≈≈≈≈≈≈≈≈≈≈≈≈≈
..≈≈≈≈≈≈≈ ≈≈≈≈≈≈≈≈≈≈≈
.......## ≈≈≈≈≈≈≈≈≈≈
........####..≈≈≈≈≈≈
..##.....##....≈≈# ## ##
.###.............#..#.[#
..###............#K...!#
.†.††..####.....KKKK..#
#.††..## ###...@#
####### ######


You could see a kobold brigand and 4 kobolds.

Vanquished Creatures
  A jelly (D:4)
  2 adders (Sewer)
  6 river rats
  A dart slug (D:1)
  2 bats
  3 endoplasms
  5 giant cockroaches
  5 hobgoblins
  4 jackals (D:2)
  4 kobolds
  2 quokkas
  6 ball pythons
  A frilled lizard (D:1)
  17 rats
59 creatures vanquished.

Vanquished Creatures (others)
  5 toadstools (D:1)
5 creatures vanquished.

Grand Total: 64 creatures vanquished

Notes
Turn   | Place    | Note
-------+----------+-------------------------------------------
     0 | D:1      | Leszczynek the Human Gladiator began the quest for the Orb.
     0 | D:1      | Reached XP level 1. HP: 16/16 MP: 1/1
   137 | D:1      | HP: 2/16 [kobold/+0 short sword (2)]
   141 | D:1      | Reached XP level 2. HP: 3/22 MP: 2/2
   171 | D:1      | HP: 4/22 [bat (1)]
   439 | D:2      | Reached skill level 4 in Axes
   439 | D:2      | Reached XP level 3. HP: 19/27 MP: 3/3
   582 | D:4      | Reached XP level 4. HP: 32/33 MP: 4/4
   634 | D:4      | Reached skill level 5 in Axes
   666 | D:4      | Found a glowing drain.
   707 | Sewer    | Entered a sewer
   739 | Sewer    | HP: 5/33 [river rat (2)]
   742 | Sewer    | Reached XP level 5. HP: 6/38 MP: 5/5
  1069 | Sewer    | Noticed a kobold brigand
  1070 | Sewer    | brigand?
  1070 | Sewer    | isn't it an overkill
  1079 | Sewer    | Gained mutation: You have a pair of small horns on your
                  | head. [potion of mutation]
  1079 | Sewer    | Gained mutation: Armour fits poorly on your strangely
                  | shaped body. [potion of mutation]
  1080 | Sewer    | deformed body 1
  1080 | Sewer    | Quit the game

Illustrated notes

≈≈≈≈≈≈≈≈≈≈≈≈≈≈≈≈≈≈≈≈≈
..≈≈≈≈≈≈≈ ≈≈≈≈≈≈≈≈≈≈≈
.......## ≈≈≈≈≈≈≈≈≈≈
........####..≈≈≈≈≈≈
..##.....##....≈≈# ## ##
.###.............#..#.[#
..###............#..KK!#
.†.††..####......'K.KK#
#.††..## ###...@#
####### ######


Turn 1070 on Sewer: brigand? ≈≈≈≈≈≈≈≈≈≈≈≈≈≈≈≈≈≈≈≈≈ ..≈≈≈≈≈≈≈ ≈≈≈≈≈≈≈≈≈≈≈
.......## ≈≈≈≈≈≈≈≈≈≈ ........####..≈≈≈≈≈≈ ..##.....##....≈≈# ## ##
.###.............#..#.[# ..###............#K...!# .†.††..####.....KKKK..#
#.††..## ###...@# ####### ###### Turn 1080 on Sewer: deformed body 1

Levels and vault maps discovered:
D:1:      ldierk_walled_garden, layout_rooms, serial_co_window_serial,
          co_window_paths_a, co_window_paths_b, co_window_of_opportunity_a,
          co_window_corner_a, co_window_paths_a, co_window_corner_a,
          co_window_paths_a, co_window_corner_b, co_window_unsneaky_path_a,
          co_window_cross_4, co_window_2corner, co_window_4corner_a,
          co_window_paths_d, glass_columns_a, glass_columns_a,
          ebering_ecumenical_altar_petrified
D:2:      layout_basic, minivault_5, palyth_stone_intersect,
          minmay_misc_feat_room, uniq_sigmund
D:3:      layout_rooms
D:4:      layout_basic, general_overflow_altar, minitemple,
          minmay_temple_entry_drinking_statues, portal_sewer_entry_a,
          serial_shops, nicolae_diamond_shop
Sewer:    sewer_minmay_treatment

Skill      XL: |  1  2  3  4 |
---------------+-------------+-----
Axes           | 4 5 |  5.4
Fighting       | |  2.9
Throwing       | |  2.0
Dodging        | |  3.0

Action                   |  1- 3 |  4- 6 || total
-------------------------+-------+-------++-------
Melee: War axe           |    82 |   104 ||   186
       Punch             |     1 |       ||     1
 Fire: Hunting sling     |     1 |     5 ||     6
Throw: Throwing net      |     2 |     3 ||     5
       Javelin           |     1 |     1 ||     2
  Use: Potion            |       |     1 ||     1
 Stab: Sleeping          |     1 |       ||     1
Armor: Leather armour    |    30 |     7 ||    37
       Ring mail         |       |    19 ||    19
Dodge: Dodged            |    53 |    71 ||   124
Block: Buckler           |     1 |    22 ||    23

Table legend: (Time is in decaauts)
 A = Elapsed time spent in this place.
 B = Non-inter-level travel time spent in this place.
 C = Inter-level travel time spent in this place.
 D = Time resting spent in this place.
 E = Time spent auto-exploring this place.
 F = Levels seen in this place.
 G = Mean time per level.
                   A        B        C        D        E       F      G
               +--------+--------+--------+--------+--------+-----+--------+
         Total |   1232 |   1224 |      8 |      0 |      0 |   5 |  246.4 |
       Dungeon |    782 |    774 |      8 |      0 |      0 |   4 |  195.5 |
         Sewer |    449 |    449 |      0 |      0 |      0 |   1 |  449.0 |
               +--------+--------+--------+--------+--------+-----+--------+

Top non-repeatable levels by time:
   Sewer: 449 daAuts
     D:1: 326 daAuts
     D:2: 220 daAuts
     D:4: 147 daAuts
     D:3: 88 daAuts
